TOP OF THE 1ST |
Baltimore (APP) Orioles batting - Pitching for Burlington Royals : RHP Matthew Orphan
|
Pitching: RHP Matthew Orphan
|
|
Batting: LHB Rodolfo Montes
|
0-0: Ball 1-0: Ground out 6-3 (Groundball, 6, EV 106.9 MPH)
|
Batting: RHB Mike Zepeda
|
0-0: Ball 1-0: Fly out, F8 (Flyball, 8RD, EV 96.3 MPH)
|
Batting: RHB Jeremy Sipe
|
0-0: Ball 1-0: Called Strike 1-1: Foul Ball, location: 2F 1-2: DOUBLE (Line Drive, 5D, EV 94.4 MPH)
|
Batting: RHB J.J. Basil
|
0-0: Swinging Strike 0-1: Swinging Strike 0-2: Foul Ball, location: 2F 0-2: Strikes out swinging, 2-3 out at first.
|
Top of the 1st over - 0 runs, 1 hit, 0 errors, 1 left on base; Baltimore (APP) 0 - Burlington 0 |
BOTTOM OF THE 1ST |
Burlington Royals batting - Pitching for Baltimore (APP) Orioles : RHP Jun-seok Pak
|
Pitching: RHP Jun-seok Pak
|
|
Batting: LHB Ernesto Abreu
|
0-0: Called Strike 0-1: Swinging Strike 0-2: Strikes out swinging
|
Batting: RHB Tim Persson
|
0-0: Called Strike 0-1: Ball 1-1: Foul Ball, location: 2F 1-2: Ball 2-2: Foul Ball, location: 2F 2-2: Foul Ball, location: 2F 2-2: Foul Ball, location: 2F 2-2: Ball 3-2: Strikes out looking
|
Batting: SHB Manny Berrones
|
0-0: Foul Ball, location: 2F 0-1: Swinging Strike 0-2: Ball 1-2: Strikes out swinging
|
Bottom of the 1st over - 0 runs, 0 hits, 0 errors, 0 left on base; Baltimore (APP) 0 - Burlington 0 |
TOP OF THE 2ND |
Baltimore (APP) Orioles batting - Pitching for Burlington Royals : RHP Matthew Orphan
|
Batting: RHB Kaleb Yerger
|
0-0: Called Strike 0-1: Ball 1-1: Swinging Strike 1-2: Ball 2-2: Strikes out looking
|
Batting: RHB Daniel Jackson
|
0-0: Ball 1-0: Called Strike 1-1: Ground out U3 (Groundball, 3L, EV 103.8 MPH)
|
Batting: RHB Fernando Bravo
|
0-0: DOUBLE (Line Drive, 7LS, EV 104.4 MPH)
|
Batting: RHB Matt O'Dea
|
0-0: Foul Ball, location: 2F 0-1: Ball 1-1: DOUBLE (Flyball, 89XD, EV 105.6 MPH) Fernando Bravo scores
|
Batting: RHB Roberto Sotelo
|
0-0: Ground out U3 (Groundball, 34, EV 99.4 MPH)
|
Top of the 2nd over - 1 run, 2 hits, 0 errors, 1 left on base; Baltimore (APP) 1 - Burlington 0 |
BOTTOM OF THE 2ND |
Burlington Royals batting - Pitching for Baltimore (APP) Orioles : RHP Jun-seok Pak
|
Batting: SHB Danny Ballenger
|
0-0: Called Strike 0-1: Ball 1-1: Ball 2-1: Called Strike 2-2: Foul Ball, location: 2F 2-2: Foul Ball, location: 2F 2-2: Fly out, F8 (Line Drive, 8RD, EV 93.8 MPH)
|
Batting: LHB Bobby Gonzalez
|
0-0: SINGLE (Groundball, 4S, EV 69.4 MPH) (infield hit)
|
Batting: RHB Rob Ward
|
0-0: Foul Ball, location: 2F 0-1: Called Strike 0-2: Foul Ball, location: 2F 0-2: Foul Ball, location: 2F 0-2: Grounds into double play, 6-4-3 (Groundball, 56, EV 90.6 MPH)
|
Bottom of the 2nd over - 0 runs, 1 hit, 0 errors, 0 left on base; Baltimore (APP) 1 - Burlington 0 |
TOP OF THE 3RD |
Baltimore (APP) Orioles batting - Pitching for Burlington Royals : RHP Matthew Orphan
|
Batting: LHB Rodolfo Montes
|
0-0: Called Strike 0-1: Called Strike 0-2: Foul Ball, location: 2F 0-2: Ball 1-2: Ball 2-2: Foul Ball, location: 2F 2-2: Ball 3-2: Foul Ball, location: 2F 3-2: Strikes out looking
|
Batting: RHB Mike Zepeda
|
0-0: Ball 1-0: Foul Ball, location: 2F 1-1: SINGLE (Flyball, 8RS, EV 92.5 MPH)
|
Batting: RHB Jeremy Sipe
|
0-0: Ball Mike Zepeda steals 2nd base 1-0: Foul Ball, location: 2F 1-1: Called Strike 1-2: SINGLE (Line Drive, 8LS, EV 98.8 MPH) Mike Zepeda to third Runner from 3rd tries for Home, SAFE, throw by CF to home
|
Batting: RHB J.J. Basil
|
0-0: Ball 1-0: Ball 2-0: Ball 3-0: Called Strike 3-1: Foul Ball, location: 2F 3-2: Ground out 5-3 (Groundball, 56, EV 90.6 MPH) Jeremy Sipe to second
|
Batting: RHB Kaleb Yerger
|
0-0: Called Strike 0-1: Swinging Strike 0-2: Foul Ball, location: 2F 0-2: Strikes out swinging
|
Top of the 3rd over - 1 run, 2 hits, 0 errors, 1 left on base; Baltimore (APP) 2 - Burlington 0 |
BOTTOM OF THE 3RD |
Burlington Royals batting - Pitching for Baltimore (APP) Orioles : RHP Jun-seok Pak
|
Batting: SHB Marcos Cortez
|
0-0: Ball 1-0: Foul Ball, location: 2F 1-1: Fly out, F7 (Flyball, 7LM, EV 95.0 MPH)
|
Batting: RHB Shane Bruce
|
0-0: Ball 1-0: Ground out 6-3 (Groundball, 56, EV 108.1 MPH)
|
Batting: RHB Steve Ryals
|
0-0: Called Strike 0-1: Foul Ball, location: 2F 0-2: Strikes out swinging
|
Bottom of the 3rd over - 0 runs, 0 hits, 0 errors, 0 left on base; Baltimore (APP) 2 - Burlington 0 |
TOP OF THE 4TH |
Baltimore (APP) Orioles batting - Pitching for Burlington Royals : RHP Matthew Orphan
|
Batting: RHB Daniel Jackson
|
0-0: Swinging Strike 0-1: Ball 1-1: Foul Ball, location: 2F 1-2: Foul Ball, location: 2F 1-2: Ball 2-2: Ground out 5-3 (Groundball, 56S, EV 83.8 MPH)
|
Batting: RHB Fernando Bravo
|
0-0: Ball 1-0: SINGLE (Line Drive, 4MD, EV 98.1 MPH)
|
Batting: RHB Matt O'Dea
|
0-0: Called Strike 0-1: Swinging Strike 0-2: Strikes out swinging
|
Batting: RHB Roberto Sotelo
|
0-0: Ball 1-0: Ball 2-0: Ball 3-0: Base on Balls Fernando Bravo to second
|
Pitching: RHP Philip Terrell
|
|
Batting: LHB Rodolfo Montes
|
0-0: Foul Ball, location: 2F 0-1: Ball 1-1: Called Strike 1-2: Strikes out looking
|
Top of the 4th over - 0 runs, 1 hit, 0 errors, 2 left on base; Baltimore (APP) 2 - Burlington 0 |
BOTTOM OF THE 4TH |
Burlington Royals batting - Pitching for Baltimore (APP) Orioles : RHP Jun-seok Pak
|
Batting: LHB Ernesto Abreu
|
0-0: Called Strike 0-1: Ball 1-1: Foul Ball, location: 2F 1-2: Foul Ball, location: 2F 1-2: Ball 2-2: Strikes out swinging
|
Batting: RHB Tim Persson
|
0-0: SINGLE (Groundball, 25, EV 68.1 MPH) (infield hit)
|
Batting: SHB Manny Berrones
|
0-0: Fielders Choice at 2nd, 6-4 (Groundball, 6, EV 86.9 MPH)
|
Batting: SHB Danny Ballenger
|
0-0: Ball 1-0: Ball 2-0: Called Strike 2-1: Ball 3-1: Base on Balls Manny Berrones to second
|
Batting: LHB Bobby Gonzalez
|
0-0: Ball 1-0: Swinging Strike 1-1: Ball 2-1: Foul Ball, location: 2F 2-2: Ball 3-2: Fly out, F8 (Line Drive, 8LD, EV 100.0 MPH)
|
Bottom of the 4th over - 0 runs, 1 hit, 0 errors, 2 left on base; Baltimore (APP) 2 - Burlington 0 |
TOP OF THE 5TH |
Baltimore (APP) Orioles batting - Pitching for Burlington Royals : RHP Philip Terrell
|
Batting: RHB Mike Zepeda
|
0-0: Ball 1-0: Ball 2-0: Ball 3-0: Base on Balls
|
Batting: RHB Jeremy Sipe
|
0-0: Called Strike Mike Zepeda steals 2nd base 0-1: Ball 1-1: Foul Ball, location: 2F 1-2: Ball 2-2: Ball 3-2: Fly out, F9 (Line Drive, 9, EV 89.4 MPH)
|
Batting: RHB J.J. Basil
|
0-0: Foul Ball, location: 2F 0-1: Foul Ball, location: 2F 0-2: Fly out, F4 (Popup, 13, EV 90.6 MPH)
|
Batting: RHB Kaleb Yerger
|
0-0: Ball 1-0: Foul Ball, location: 2F 1-1: Fly out, F8 (Flyball, 8RM, EV 91.3 MPH)
|
Top of the 5th over - 0 runs, 0 hits, 0 errors, 1 left on base; Baltimore (APP) 2 - Burlington 0 |
BOTTOM OF THE 5TH |
Burlington Royals batting - Pitching for Baltimore (APP) Orioles : RHP Jun-seok Pak
|
Batting: RHB Rob Ward
|
0-0: Called Strike 0-1: Ball 1-1: Called Strike 1-2: Ground out 6-3 (Groundball, 6, EV 90.6 MPH)
|
Batting: SHB Marcos Cortez
|
0-0: Called Strike 0-1: Swinging Strike 0-2: Foul Ball, location: 2F 0-2: Ball 1-2: Foul Ball, location: 2F 1-2: Strikes out swinging
|
Batting: RHB Shane Bruce
|
0-0: Foul Ball, location: 2F 0-1: Ground out 5-3 (Groundball, 56, EV 105.6 MPH)
|
Bottom of the 5th over - 0 runs, 0 hits, 0 errors, 0 left on base; Baltimore (APP) 2 - Burlington 0 |
TOP OF THE 6TH |
Baltimore (APP) Orioles batting - Pitching for Burlington Royals : RHP Philip Terrell
|
Batting: RHB Daniel Jackson
|
0-0: Called Strike 0-1: Fly out, F6 (Popup, 6M, EV 56.9 MPH)
|
Batting: RHB Fernando Bravo
|
0-0: Ball 1-0: Called Strike 1-1: Ball 2-1: Ball 3-1: Base on Balls
|
Batting: RHB Matt O'Dea
|
0-0: Ball 1-0: Ball 2-0: Ball 3-0: Called Strike 3-1: Foul Ball, location: 2F 3-2: Foul Ball, location: 2F 3-2: Strikes out swinging Fernando Bravo steals 2nd base Batter strikes out.
|
Pitching: RHP Tim Tucker
|
|
Batting: RHB Roberto Sotelo
|
0-0: Ground out 6-3 (Groundball, 6, EV 99.4 MPH)
|
Top of the 6th over - 0 runs, 0 hits, 0 errors, 1 left on base; Baltimore (APP) 2 - Burlington 0 |
BOTTOM OF THE 6TH |
Burlington Royals batting - Pitching for Baltimore (APP) Orioles : RHP Jun-seok Pak
|
Batting: RHB Steve Ryals
|
0-0: Ball 1-0: SINGLE (Groundball, 34, EV 102.5 MPH)
|
Batting: LHB Ernesto Abreu
|
0-0: Foul Ball, location: 2F 0-1: Swinging Strike 0-2: Foul Ball, location: 2F 0-2: Ball 1-2: Foul Ball, location: 2F 1-2: Ball 2-2: Foul Ball, location: 2F 2-2: Ball 3-2: Foul Ball, location: 2F 3-2: Fielders Choice at 2nd, 4-6 (Groundball, 4M, EV 91.9 MPH)
|
Pitching: RHP Steve Webb
|
|
Batting: RHB Tim Persson
|
0-0: Called Strike 0-1: Ball 1-1: Ball Ernesto Abreu is caught stealing 2nd base 2-4 2-1: Ball 3-1: Foul Ball, location: 2F 3-2: Strikes out swinging
|
Bottom of the 6th over - 0 runs, 1 hit, 0 errors, 0 left on base; Baltimore (APP) 2 - Burlington 0 |
TOP OF THE 7TH |
Baltimore (APP) Orioles batting - Pitching for Burlington Royals : RHP Tim Tucker
|
Batting: LHB Rodolfo Montes
|
0-0: Ball 1-0: Called Strike 1-1: Swinging Strike 1-2: Strikes out swinging
|
Batting: RHB Mike Zepeda
|
0-0: Called Strike 0-1: Ball 1-1: Called Strike 1-2: Strikes out swinging
|
Batting: RHB Jeremy Sipe
|
0-0: Ball 1-0: Ball 2-0: Ball 3-0: Foul Ball, location: 2F 3-1: Called Strike 3-2: Strikes out swinging
|
Top of the 7th over - 0 runs, 0 hits, 0 errors, 0 left on base; Baltimore (APP) 2 - Burlington 0 |
BOTTOM OF THE 7TH |
Burlington Royals batting - Pitching for Baltimore (APP) Orioles : RHP Steve Webb
|
Batting: SHB Manny Berrones
|
0-0: Called Strike 0-1: Called Strike 0-2: Foul Ball, location: 2F 0-2: Strikes out swinging
|
Batting: SHB Danny Ballenger
|
0-0: Ball 1-0: Ground out 6-3 (Groundball, 6, EV 91.9 MPH)
|
Batting: LHB Bobby Gonzalez
|
0-0: Ball 1-0: Called Strike 1-1: Swinging Strike 1-2: Ball 2-2: Strikes out swinging
|
Bottom of the 7th over - 0 runs, 0 hits, 0 errors, 0 left on base; Baltimore (APP) 2 - Burlington 0 |
TOP OF THE 8TH |
Baltimore (APP) Orioles batting - Pitching for Burlington Royals : RHP Tim Tucker
|
Batting: RHB J.J. Basil
|
0-0: SOLO HOME RUN (Flyball, 7LD, EV 93.8 MPH), Distance : 325 ft
|
Batting: RHB Kaleb Yerger
|
0-0: Ball 1-0: Called Strike 1-1: Ball 2-1: Called Strike 2-2: Ball 3-2: Base on Balls
|
Batting: RHB Daniel Jackson
|
0-0: Ball 1-0: Ball 2-0: Called Strike 2-1: Ball 3-1: Base on Balls Kaleb Yerger to second
|
Batting: RHB Fernando Bravo
|
0-0: Ball 1-0: Ball 2-0: Ball 3-0: Called Strike 3-1: Base on Balls Kaleb Yerger to third Daniel Jackson to second
|
Batting: RHB Matt O'Dea
|
0-0: Ball 1-0: Ball 2-0: Fly out, F8 (Line Drive, 8LD, EV 92.5 MPH) Runner from 3rd tags up, SCORES, throw by CF Daniel Jackson to third
|
Batting: RHB Roberto Sotelo
|
0-0: Ball 1-0: Swinging Strike 1-1: Ball Fernando Bravo steals 2nd base 2-1: SINGLE (Groundball, 56S, EV 75.0 MPH) (infield hit) Daniel Jackson scores Fernando Bravo to third
|
Batting: LHB Rodolfo Montes
|
0-0: Called Strike 0-1: Foul Ball, location: 2F 0-2: Ball 1-2: Ball 2-2: Reached on error, E4 (Groundball, 4, EV 84.4 MPH) Fernando Bravo scores Roberto Sotelo to second
|
Pitching: RHP Tony Jimenez
|
|
Batting: RHB Mike Zepeda
|
0-0: Ball 1-0: Ball 2-0: Called Strike 2-1: Called Strike 2-2: Foul Ball, location: 2F 2-2: Ball 3-2: Foul Ball, location: 2F 3-2: Base on Balls Roberto Sotelo to third Rodolfo Montes to second
|
Batting: RHB Jeremy Sipe
|
0-0: Foul Ball, location: 2F 0-1: Ball 1-1: Fly out, F9 (Flyball, 89D, EV 98.1 MPH) Runner from 3rd tags up, SCORES, throw by RF Rodolfo Montes to third
|
Batting: RHB J.J. Basil
|
0-0: Fly out, F8 (Line Drive, 8LD, EV 88.1 MPH)
|
Top of the 8th over - 5 runs, 2 hits, 1 error, 2 left on base; Baltimore (APP) 7 - Burlington 0 |
BOTTOM OF THE 8TH |
Burlington Royals batting - Pitching for Baltimore (APP) Orioles : RHP Steve Webb
|
Batting: RHB Rob Ward
|
0-0: Called Strike 0-1: Foul Ball, location: 2F 0-2: Ball 1-2: Ball 2-2: Foul Ball, location: 2F 2-2: Strikes out looking
|
Batting: SHB Marcos Cortez
|
0-0: Swinging Strike 0-1: Ball 1-1: Called Strike 1-2: Foul Ball, location: 2F 1-2: Foul Ball, location: 2F 1-2: Ball 2-2: Strikes out swinging
|
Batting: RHB Shane Bruce
|
0-0: Foul Ball, location: 2F 0-1: Foul Ball, location: 2F 0-2: Ground out 6-3 (Groundball, 6, EV 82.5 MPH)
|
Bottom of the 8th over - 0 runs, 0 hits, 0 errors, 0 left on base; Baltimore (APP) 7 - Burlington 0 |
TOP OF THE 9TH |
Baltimore (APP) Orioles batting - Pitching for Burlington Royals : RHP Tony Jimenez
|
Pinch Hitting: LHB Antonio Cantu
|
0-0: Called Strike 0-1: Ball 1-1: Swinging Strike 1-2: Strikes out swinging
|
Batting: RHB Daniel Jackson
|
0-0: Called Strike 0-1: Ball 1-1: DOUBLE (Line Drive, 5D, EV 106.9 MPH)
|
Batting: RHB Fernando Bravo
|
0-0: Called Strike 0-1: Ball 1-1: Ball 2-1: Swinging Strike Passed Ball! Daniel Jackson to third 2-2: Foul Ball, location: 2F 2-2: Strikes out swinging
|
Pinch Hitting: RHB Scott Boyd
|
0-0: Ball 1-0: Called Strike 1-1: Foul Ball, location: 2F 1-2: Foul Ball, location: 2F 1-2: Ball 2-2: Foul Ball, location: 2F 2-2: Ball 3-2: Foul Ball, location: 2F 3-2: Foul Ball, location: 2F 3-2: Fly out, F8 (Flyball, 78D, EV 96.3 MPH)
|
Top of the 9th over - 0 runs, 1 hit, 0 errors, 1 left on base; Baltimore (APP) 7 - Burlington 0 |
BOTTOM OF THE 9TH |
Burlington Royals batting - Pitching for Baltimore (APP) Orioles : RHP Steve Webb
|
Now at 1B: Scott Boyd
|
|
Now in LF: Daniel Jackson
|
|
Now in RF: Antonio Cantu
|
|
Batting: RHB Steve Ryals
|
0-0: Foul Ball, location: 2F 0-1: Ball 1-1: Ball 2-1: Called Strike 2-2: Strikes out looking
|
Pitching: RHP Chris Kimura
|
|
Batting: LHB Ernesto Abreu
|
0-0: Ball 1-0: Ball 2-0: Called Strike 2-1: DOUBLE (Line Drive, 5D, EV 105.0 MPH)
|
Batting: RHB Tim Persson
|
0-0: Ball 1-0: Ball 2-0: Called Strike 2-1: Ball 3-1: Ground out 5-3 (Groundball, 56, EV 91.9 MPH)
|
Batting: SHB Manny Berrones
|
0-0: Foul Ball, location: 2F 0-1: Swinging Strike 0-2: Strikes out swinging
|
Bottom of the 9th over - 0 runs, 1 hit, 0 errors, 1 left on base; Baltimore (APP) 7 - Burlington 0 |
|